Map: Berlingrad LE

Players

maru - Winner!

  • Race: Terran Terran

Harstem

  • Race: Protoss Protoss

Event: TSL 8

VOD

Have the link to the VOD?

Description

Time

  • Played on: Nov. 26, 2021, 10:54 a.m.
  • Length: 22:35

All games in this series

Show
View Real Time Build Order
Export as new Build Order

maru Terran - Winner!

Build Orders: Reaper Expand 

Get SALT Encoding   

  12  0:00  SCV  
  13  0:12  SCV  
  14  0:17  Supply Depot  
  14  0:24  SCV  
  15  0:38  SCV  
  15  0:39  Barracks  
  16  0:44  Refinery  
  16  0:50  SCV  
  17  1:03  SCV, Engineering Bay  
  18  1:15  SCV  
  19  1:27  Orbital Command  
  19  1:28  Reaper  
  20  1:32  Supply Depot  
  20  1:54  Command Center  
  20  1:56  SCV  
  20  2:00  Barracks Reactor  
  21  2:08  SCV  
  21  2:12  Barracks  
  22  2:21  SCV  
  22  2:22  Barracks  
  23  2:33  SCV  
  24  2:38  Marine x2  
  26  2:45  SCV  
  26  2:48  Refinery  
  27  2:56  Marine x2  
  27  2:57  SCV  
  30  2:59  Barracks Tech Lab  
  30  3:06  Orbital Command  
  30  3:10  Marine  
  30  3:14  SCV, Marine x2  
  34  3:21  Marauder, Concussive Shells  
  34  3:22  Factory  
  36  3:27  SCV  
  36  3:28  Orbital Command  
  36  3:31  Marine x2  
  36  3:33  Supply Depot  
  38  3:37  Marine  
  38  3:39  SCV  
  40  3:47  Marauder  
  42  3:51  SCV, Marine x2  
  42  3:55  Marine  
  46  3:57  SCV  
  47  4:05  SCV  
  47  4:07  Supply Depot  
  47  4:08  Starport, Factory Reactor  
  48  4:10  Stimpack  
  48  4:17  Marine x2  
  48  4:18  SCV x2  
  51  4:27  Refinery  
  51  4:30  SCV x2  
  51  4:42  SCV x2  
  51  4:45  Marine x2  
  53  4:46  Widow Mine x2, Medivac  
  53  4:49  Supply Depot  
  53  4:52  Barracks Tech Lab  
  59  4:54  SCV x2  
  61  5:03  Engineering Bay  
  61  5:04  Supply Depot  
  61  5:06  SCV  
  62  5:09  Bunker  
  62  5:10  SCV  
  62  5:11  Combat Shield  
  63  5:17  Factory Tech Lab  
  63  5:18  SCV  
  63  5:20  Marine x2  
  63  5:21  Marauder x2  
  70  5:24  Supply Depot  
  70  5:25  SCV  
  71  5:30  SCV  
  71  5:31  Terran Infantry Weapons Level 1  
  72  5:37  SCV  
  72  5:39  Refinery  
  73  5:42  SCV  
  73  5:45  Marine x2  
  73  5:46  Marauder x2  
  82  5:50  SCV  
  82  5:52  Supply Depot, Medivac  
  82  5:53  Medivac  
  86  6:05  Supply Depot  
  86  6:10  Command Center  
  84  6:13  Siege Tank  
  84  6:15  Supply Depot  
  87  6:18  Marine x2  
  87  6:19  Marauder x2  
  93  6:28  Medivac x2  
  93  6:30  SCV  
  98  6:38  Barracks  
  98  6:39  Barracks  
  98  6:45  Siege Tank  
  101  6:51  Marine  
  101  6:52  Marauder x2  
  105  6:54  Marine  
  105  6:57  SCV  
  107  7:07  Viking  
  109  7:08  Supply Depot  
  109  7:15  Supply Depot  
  109  7:18  Marine  
  109  7:22  Marauder x2, Viking, Marine  
  107  7:34  Barracks Tech Lab, Barracks Reactor  
  107  7:35  Siege Tank, Orbital Command  
  107  7:36  SCV x2  
  112  7:37  Terran Infantry Armor Level 1  
  112  7:47  Marine  
  112  7:48  Marauder x2, SCV x2  
  119  7:53  Viking x2  
  123  8:01  SCV  
  122  8:07  SCV  
  122  8:08  Marauder, Siege Tank  
  122  8:12  Orbital Command  
  126  8:13  SCV  
  126  8:16  Supply Depot  
  126  8:19  Supply Depot, SCV  
  128  8:21  Missile Turret  
  128  8:23  Viking x2  
  128  8:26  SCV  
  133  8:31  SCV  
  134  8:35  Ghost Academy  
  134  8:38  SCV  
  134  8:40  SCV  
  136  8:41  Marine  
  136  8:42  Marauder  
  136  8:43  SCV  
  136  8:48  Refinery  
  140  8:49  Refinery  
  140  8:50  Supply Depot, SCV  
  141  9:01  SCV x2  
  143  9:10  Command Center  
  143  9:12  Armory  
  143  9:13  Enhanced Shockwaves  
  143  9:14  Engineering Bay  
  143  9:18  Sensor Tower  
  143  9:21  Ghost x2  
  147  9:25  Ghost  
  147  9:26  Marine  
  147  9:27  Marine  
  151  9:32  Widow Mine x2  
  151  9:36  SCV x2  
  151  9:38  Sensor Tower  
  154  9:42  Ghost  
  154  9:45  SCV  
  156  9:48  SCV x2  
  158  9:53  Ghost  
  158  9:54  Ghost  
  158  9:57  Supply Depot  
  158  9:59  Supply Depot  
  162  10:04  Terran Infantry Weapons Level 2  
  161  10:07  Marine  
  161  10:08  Marine  
  161  10:10  Widow Mine  
  165  10:19  Widow Mine  
  167  10:26  SCV  
  164  10:31  Terran Ship Weapons Level 1, Terran Infantry Armor Level 2  
  164  10:32  Barracks  
  164  10:33  Barracks x2  
  164  10:34  Marauder, Marine x3  
  164  10:35  Marauder x2  
  173  10:38  Widow Mine  
  174  10:47  Command Center  
  172  10:58  SCV x2  
  172  11:03  Marine x2  
  180  11:04  Marauder x2  
  180  11:06  SCV  
  180  11:10  SCV  
  182  11:22  Starport  
  182  11:23  Barracks Tech Lab x3  
  182  11:24  Liberator x2, Fusion Core  
  182  11:29  Widow Mine x2  
  182  11:32  Planetary Fortress  
  185  11:45  Ghost  
  185  11:46  Supply Depot, SCV x2  
  181  11:54  Refinery x2  
  181  11:56  Sensor Tower  
  181  11:59  Starport Reactor  
  181  12:01  Marine x2  
  181  12:02  Marauder x3  
  181  12:07  Missile Turret  
  189  12:14  Ghost x2  
  193  12:15  Marine  
  193  12:16  Marauder  
  193  12:18  Orbital Command  
  193  12:19  Marine  
  195  12:23  Marauder  
  197  12:31  Advanced Ballistics  
  197  12:32  Liberator  
  197  12:33  Terran Ship Weapons Level 2  
  197  12:37  Nuke  
  200  13:10  Terran Infantry Weapons Level 3, Terran Infantry Armor Level 3  
  179  13:22  Command Center x2  
  179  13:24  Command Center  
  179  13:32  Personal Cloaking  
  179  13:33  Widow Mine  
  179  13:34  Widow Mine  
  183  13:38  Viking x2  
  183  13:39  Viking x2  
  182  13:47  Missile Turret  
  182  13:49  Missile Turret x2  
  182  13:51  Missile Turret  
  180  13:56  Starport  
  180  13:58  Marine x2, Ghost x2  
  180  13:59  Marine x4  
  190  14:08  Viking  
  187  14:15  Ghost  
  187  14:16  Marine  
  173  14:17  Marauder  
  173  14:20  Marauder, Marine x2  
  173  14:21  Marauder  
  173  14:24  Liberator x2  
  170  14:35  Ghost x2  
  170  14:36  Marine  
  170  14:37  Liberator  
  170  14:38  Viking, Marine  
  178  14:43  Missile Turret  
  178  14:44  Missile Turret x2  
  178  14:47  Liberator  
  181  15:01  Ghost x2  
  181  15:06  Liberator  
  181  15:07  Liberator  
  183  15:08  Viking  
  191  15:22  Sensor Tower  
  191  15:33  Liberator, Viking  
  196  15:38  Liberator  
  199  15:42  Missile Turret  
  199  15:43  Missile Turret  
  199  15:44  Missile Turret  
  199  15:45  Missile Turret  
  199  15:48  Planetary Fortress  
  199  15:50  Missile Turret  
  197  15:59  Liberator  
  197  16:01  Ghost  
  198  16:13  Neosteel Armor  
  198  16:14  Terran Ship Weapons Level 3  
  198  16:15  Command Center  
  198  16:21  Refinery  
  198  16:22  Refinery, Sensor Tower  
  198  16:34  Viking  
  198  16:35  Starport Reactor  
  143  16:54  Viking x2  
  195  16:58  Missile Turret x2  
  195  16:59  Missile Turret x2  
  195  17:00  Missile Turret  
  199  17:02  Missile Turret  
  199  17:03  Missile Turret  
  199  17:04  Missile Turret x4  
  199  17:05  Missile Turret  
  199  17:09  Missile Turret  
  197  17:21  Viking x2  
  199  17:38  Command Center  
  199  17:44  Orbital Command  
  199  17:46  Command Center  
  196  17:57  Viking  
  196  17:58  Viking  
  200  18:03  Hi-Sec Auto Tracking  
  200  18:09  Sensor Tower  
  200  18:10  Missile Turret  
  200  18:11  Missile Turret x2  
  200  18:13  Missile Turret  
  198  18:30  Missile Turret x3  
  198  18:33  Command Center  
  198  18:38  Sensor Tower  
  190  19:03  Viking x2  
  190  19:08  Viking x2  
  184  19:11  Viking x2  
  182  19:22  Missile Turret  
  181  19:30  Nuke  
  181  19:31  Terran Vehicle And Ship Armor Level 1  
  181  19:33  Viking x2  
  181  19:38  Viking x2  
  187  19:39  Ghost  
  190  19:53  Viking x2  
  194  20:03  Liberator x2  
  194  20:04  Missile Turret  
  194  20:05  Sensor Tower  
  194  20:06  Command Center  
  197  20:07  Command Center  
  197  20:08  Missile Turret  
  197  20:09  Missile Turret  
  197  20:11  Planetary Fortress  
  197  20:28  Sensor Tower  
  197  20:29  Nuke  
  197  20:31  Missile Turret  
  197  20:33  Missile Turret x2  
  197  20:54  Planetary Fortress  
  197  20:59  Medivac  
  197  21:02  Missile Turret, Sensor Tower  
  195  21:58  Viking x2  
Show
View Real Time Build Order
Export as new Build Order

Harstem Protoss 

Build Orders: 1 Gate Expand, Carriers, Colossus Rush 

Get SALT Encoding   

  12  0:00  Probe  
  13  0:13  Pylon  
  13  0:17  Probe  
  14  0:32  Gateway  
  14  0:34  Probe (Chrono Boost)  
  16  0:44  Assimilator, Probe (Chrono Boost)  
  16  0:49  Probe (Chrono Boost)  
  17  1:00  Probe  
  18  1:12  Probe  
  19  1:19  Cybernetics Core  
  19  1:24  Probe  
  21  1:42  Nexus  
  21  1:46  Probe  
  21  1:53  Pylon  
  21  1:57  Adept (Chrono Boost)  
  23  2:06  Probe  
  23  2:09  Assimilator  
  23  2:12  Warp Gate  
  23  2:20  Adept  
  23  2:21  Probe  
  26  2:38  Probe  
  26  2:42  Robotics Facility  
  27  2:48  Stalker (Chrono Boost)  
  27  2:49  Shield Battery  
  30  2:52  Probe (Chrono Boost)  
  30  2:55  Probe (Chrono Boost)  
  32  3:06  Probe (Chrono Boost)  
  32  3:07  Probe (Chrono Boost)  
  33  3:14  Gateway  
  33  3:16  Stalker, Probe  
  33  3:18  Probe  
  37  3:28  Probe  
  37  3:29  Observer (Chrono Boost), Pylon  
  37  3:30  Probe  
  40  3:40  Probe  
  41  3:43  Observer (Chrono Boost), Probe  
  43  3:52  Probe, Shield Battery  
  43  3:55  Probe  
  45  4:00  Stalker  
  47  4:03  Pylon  
  47  4:06  Probe (Chrono Boost)  
  47  4:07  Probe (Chrono Boost)  
  49  4:10  Stalker  
  49  4:14  Pylon  
  52  4:22  Probe x2 (Chrono Boost)  
  53  4:26  Probe (Chrono Boost)  
  53  4:27  Robotics Bay  
  53  4:29  Probe  
  55  4:34  Stalker  
  55  4:37  Probe  
  56  4:40  Observer  
  56  4:41  Probe  
  56  4:44  Stalker  
  57  4:48  Assimilator  
  57  4:49  Probe  
  57  4:50  Assimilator  
  57  4:52  Pylon  
  58  4:55  Gateway  
  58  4:56  Probe  
  59  5:05  Probe  
  60  5:07  Observer  
  60  5:08  Probe  
  60  5:10  Nexus  
  60  5:14  Colossus (Chrono Boost)  
  61  5:17  Probe  
  61  5:20  Probe  
  69  5:21  Stalker  
  71  5:29  Probe  
  71  5:31  Stalker  
  71  5:32  Probe  
  71  5:34  Pylon  
  75  5:45  Probe  
  76  5:52  Probe  
  78  5:57  Colossus (Chrono Boost), Probe  
  78  5:58  Extended Thermal Lance  
  78  6:03  Pylon  
  84  6:11  Probe  
  85  6:14  Shield Battery  
  85  6:15  Probe  
  86  6:19  Twilight Council, Forge  
  86  6:22  Probe  
  86  6:23  Pylon  
  86  6:25  Observer  
  87  6:26  Sentry, Pylon  
  87  6:27  Sentry  
  87  6:30  Probe  
  92  6:34  Probe  
  92  6:35  Gateway, Probe  
  92  6:37  Gateway  
  94  6:42  Probe  
  94  6:45  Colossus (Chrono Boost)  
  94  6:46  Probe  
  96  6:50  Probe  
  103  6:56  Pylon  
  103  6:57  Stalker  
  103  7:00  Probe  
  106  7:01  Photon Cannon  
  106  7:05  Blink (Chrono Boost), Probe x2, Shield Battery  
  106  7:07  Assimilator  
  108  7:12  Stalker, Probe  
  108  7:14  Stalker  
  113  7:19  Probe  
  114  7:29  Probe  
  115  7:30  Probe  
  115  7:31  Stalker x3  
  115  7:32  Observer  
  115  7:36  Probe  
  121  7:38  Assimilator  
  121  7:39  Protoss Ground Weapons Level 1 (Chrono Boost)  
  121  7:40  Photon Cannon  
  121  7:43  Probe  
  121  7:46  Photon Cannon  
  121  7:49  Gateway  
  121  7:50  Gateway  
  120  7:58  Pylon  
  117  8:06  Probe (Chrono Boost)  
  117  8:07  Probe (Chrono Boost)  
  117  8:08  Pylon  
  117  8:10  Probe (Chrono Boost)  
  110  8:13  Disruptor (Chrono Boost)  
  110  8:17  Probe (Chrono Boost)  
  110  8:18  Probe (Chrono Boost), Sentry  
  110  8:19  Stalker x4  
  125  8:21  Probe (Chrono Boost)  
  125  8:24  Observer, Probe  
  125  8:26  Pylon  
  126  8:28  Robotics Facility  
  126  8:33  Pylon  
  126  8:39  Pylon  
  126  8:44  Pylon  
  126  8:49  Pylon  
  126  8:52  Nexus, Disruptor (Chrono Boost)  
  126  8:55  Pylon  
  129  8:58  Probe  
  129  9:02  Dark Shrine  
  130  9:04  Probe  
  130  9:05  Pylon  
  130  9:06  Stalker x2  
  135  9:13  Disruptor (Chrono Boost)  
  135  9:15  Stargate  
  138  9:17  Pylon  
  138  9:21  Probe (Chrono Boost)  
  138  9:23  Photon Cannon  
  141  9:27  Probe x2 (Chrono Boost)  
  141  9:30  Probe (Chrono Boost)  
  142  9:39  Protoss Air Weapons Level 1 (Chrono Boost)  
  142  9:42  Probe  
  142  9:43  Disruptor (Chrono Boost)  
  142  9:45  Assimilator, Disruptor (Chrono Boost)  
  146  9:49  Assimilator  
  149  9:55  Pylon  
  149  9:58  Photon Cannon  
  150  10:00  Fleet Beacon  
  150  10:01  Stargate  
  150  10:02  Stargate  
  149  10:11  Shield Battery  
  149  10:12  Probe  
  146  10:24  Disruptor  
  149  10:28  Disruptor  
  149  10:32  Stalker  
  149  10:33  Probe  
  155  10:37  Pylon  
  153  10:47  Carrier (Chrono Boost)  
  153  10:49  Carrier (Chrono Boost)  
  157  10:55  Stargate  
  161  10:58  Pylon  
  161  10:59  Zealot x7  
  161  11:00  Disruptor  
  178  11:05  Protoss Ground Weapons Level 2 (Chrono Boost)  
  178  11:10  Pylon  
  169  11:34  Nexus  
  169  11:41  Assimilator  
  169  11:43  Carrier (Chrono Boost)  
  169  11:46  Pylon  
  175  11:50  Carrier (Chrono Boost), Assimilator  
  175  11:52  Protoss Air Weapons Level 2 (Chrono Boost)  
  179  11:54  Assimilator  
  179  12:00  Carrier (Chrono Boost)  
  185  12:08  Photon Cannon  
  185  12:11  Shield Battery  
  185  12:13  Photon Cannon, Stalker  
  185  12:43  Carrier (Chrono Boost), Charge  
  197  12:48  Carrier (Chrono Boost)  
  189  13:18  Stalker x2  
  199  13:27  Carrier (Chrono Boost)  
  199  13:32  Nexus  
  199  13:33  Pylon, Protoss Ground Weapons Level 3  
  199  13:37  Pylon  
  199  13:39  Photon Cannon  
  193  13:55  Stalker x3  
  193  14:18  Stalker x5  
  196  14:29  Carrier  
  197  14:42  Photon Cannon, Pylon  
  197  14:44  Photon Cannon  
  195  14:46  Photon Cannon  
  195  14:49  Protoss Air Weapons Level 3 (Chrono Boost), Templar Archives  
  195  14:55  Probe  
  196  15:06  Carrier  
  196  15:07  Carrier  
  198  15:14  Psionic Storm  
  198  15:36  High Templar  
  198  15:37  Assimilator  
  198  15:42  Assimilator, High Templar  
  196  15:43  High Templar x3  
  196  15:50  Photon Cannon  
  196  15:54  Pylon  
  194  16:07  Warp Prism (Chrono Boost)  
  194  16:08  Gravitic Drive (Chrono Boost)  
  197  16:16  Observer (Chrono Boost)  
  197  16:18  High Templar  
  199  16:22  Photon Cannon  
  199  16:24  Photon Cannon  
  199  16:27  Photon Cannon x2  
  199  16:28  Pylon  
  199  16:29  Protoss Shields Level 1 (Chrono Boost)  
  199  16:30  Photon Cannon, Pylon  
  197  16:44  High Templar  
  200  16:47  Observer (Chrono Boost)  
  200  17:07  High Templar  
  200  17:08  High Templar x2  
  200  17:14  Photon Cannon  
  200  17:17  Photon Cannon  
  200  17:18  Photon Cannon  
  198  17:27  Protoss Air Armor Level 1 (Chrono Boost)  
  196  17:48  Mothership (Chrono Boost)  
  196  18:16  Nexus  
  196  18:18  Observer (Chrono Boost)  
  197  18:20  Observer (Chrono Boost)  
  197  18:32  Photon Cannon  
  197  18:35  Photon Cannon  
  197  18:38  Photon Cannon  
  191  18:48  Assimilator  
  191  18:49  Pylon  
  191  18:53  Carrier x2 (Chrono Boost)  
  160  19:12  High Templar x2  
  160  19:13  Stalker x5  
  167  19:25  Photon Cannon  
  167  19:33  Carrier (Chrono Boost)  
  160  19:41  Warp Prism x2  
  162  19:46  Carrier x2 (Chrono Boost)  
  169  19:57  High Templar x4  
  157  20:06  Photon Cannon, Gravitic Boosters (Chrono Boost)  
  157  20:07  Photon Cannon  
  157  20:09  Photon Cannon  
  157  20:10  Photon Cannon  
  157  20:11  Photon Cannon  
  157  20:14  Shield Battery  
  157  20:16  Assimilator, High Templar  
  157  20:17  High Templar, Pylon  
  159  20:21  Photon Cannon  
  159  20:22  Pylon  
  159  20:23  Photon Cannon  
  159  20:24  Photon Cannon  
  159  20:26  Photon Cannon  
  159  20:27  Observer  
  159  20:28  Observer, Shield Battery  
  165  20:30  Carrier (Chrono Boost)  
  165  20:40  Carrier (Chrono Boost)  
  153  20:49  Photon Cannon  
  159  20:50  Carrier (Chrono Boost)  
  165  20:58  Observer x2  
  150  21:25  Observer  
  150  21:27  Carrier  
Tags
 
Add a new tag
Caveats
  • Supply blocks, unpowered buildings, or Contaminate may cause inaccurate times.
  • Supply counts are checked every 10 seconds.